 Dungeon Crawl Stone Soup version 0.28.0-53-g5a82cb258f (webtiles) character file.

Game seed: 1302015284300057717

305 Descartes the Shield-Bearer (level 6, -1/48 HPs)
             Began as a Formicid Fighter on Aug 24, 2022.
             Slain by Pikel
             ... wielding a +2 whip of flaming
              (2 damage)
             ... on level 4 of the Dungeon.
             The game lasted 00:05:54 (3878 turns).

Descartes the Shield-Bearer (Formicid Fighter)      Turns: 3878, Time: 00:05:55

Health: -1/48      AC:  8    Str: 22    XL:     6   Next: 67%
Magic:  6/6        EV:  9    Int:  8    God:
Gold:   211        SH:  5    Dex: 16    Spells: 5/5 levels left

rFire   + . .      SeeInvis +   u - +9 flail of Certain Death {flame, Fragile rPois rF+}
rCold   . . .      Faith    .   c - +0 buckler
rNeg    . . .      Spirit   .   b - +0 scale mail
rPois   +          Reflect  .   (helmet unavailable)
rElec   .          Harm     .   (no cloak)
rCorr   .          Rampage  .   (no gloves)
Will    .....                   s - +0 pair of boots
Stlth   ..........              (no amulet)
HPRegen 0.16/turn               l - +6 ring of dexterity
MPRegen 0.10/turn               (no ring)

@: no status effects
A: permanent stasis, dig shafts and tunnels, antennae 3, four strong arms
a: Dig, Shaft Self


You were on level 4 of the Dungeon.
You visited 1 branch of the dungeon, and saw 4 of its levels.

You collected 211 gold pieces.

Inventory:

Hand Weapons
 u - the +9 flail of Certain Death (weapon) {flame, Fragile rPois rF+}
   (You found it on level 4 of the Dungeon)

   It burns those it strikes, dealing additional fire damage.
   rF:        It protects you from fire.
   rPois:     It protects you from poison.
   Fragile:   It will be destroyed if unequipped.
Missiles
 g - 54 stones
 k - 6 poisoned darts
Armour
 b - a +0 scale mail (worn)
 c - a +0 buckler (worn)
 s - a +0 pair of boots (worn)
Jewellery
 l - a +6 ring of dexterity (left hand)
Scrolls
 e - a scroll of brand weapon {unknown}
 f - a scroll of enchant weapon {unknown}
 j - a scroll of amnesia {unknown}
 m - 3 scrolls of vulnerability {unknown}
 n - a scroll of magic mapping {unknown}
 t - a scroll of acquirement {unknown}
 w - a scroll of fear {unknown}
Potions
 d - a potion of might
 h - 3 potions of curing
 i - a potion of cancellation {unknown}
 o - a potion of invisibility {unknown}
 p - a potion of attraction {unknown}
 q - a potion of heal wounds {unknown}
 r - a potion of resistance {unknown}
 v - a potion of mutation {unknown}
 x - a potion of flight {unknown}


   Skills:
 + Level 4.2 Fighting
 + Level 3.0(3.7) Axes
 + Level 2.1(3.0) Maces & Flails
 + Level 2.1(2.9) Polearms
 + Level 4.2 Armour
 + Level 4.7 Shields
 + Level 1.3 Evocations


You had 5 spell levels left.
You didn't know any spells.
Your spell library was empty.

Dungeon Overview and Level Annotations

Branches:
Dungeon (4/15)
 Temple: D:4-7

Altars:
Uskayaw
Xom

Shops:
D:3 !

Annotations:
D:4 Pikel


Innate Abilities, Weirdness & Mutations

You cannot be hasted, slowed, berserked, paralysed or teleported.
You can dig through walls and to a lower floor.
You have a pair of large antennae on your head. (SInv)
Your four strong arms can wield two-handed weapons with a shield.


Message History

You completely miss Pikel. Pikel hits you but does no damage.
You closely miss Pikel. You block Pikel's attack. The lemure hits you.
You hit Pikel but do no damage.
Pikel hits you with a +2 whip of flaming.
Pikel burns you. The lemure barely misses you.
There is a hide-covered altar of Uskayaw here.
You bludgeon Pikel!! You burn Pikel.
Pikel is heavily wounded.
Pikel barely misses you.
You barely miss Pikel.
Pikel is heavily wounded.
You block Pikel's attack.
Pikel hits you with a +2 whip of flaming!
Pikel burns you.
* * * LOW HITPOINT WARNING * * *
You closely miss Pikel.
Pikel is heavily wounded.
You block Pikel's attack.
You hit Pikel. You burn Pikel.
Pikel is severely wounded.
Pikel hits you but does no damage.
You completely miss Pikel.
Pikel is severely wounded.
Pikel misses you.
Pikel hits you with a +2 whip of flaming.
* * * LOW HITPOINT WARNING * * *
You hit Pikel. You burn Pikel.
Pikel is almost dead.
Pikel hits you with a +2 whip of flaming.
* * * LOW HITPOINT WARNING * * *
You miss Pikel.
Pikel is almost dead.
Pikel hits you with a +2 whip of flaming!
* * * LOW HITPOINT WARNING * * *
It was a potion of curing.
You feel better.
Pikel hits you with a +2 whip of flaming!
* * * LOW HITPOINT WARNING * * *
Pikel burns you.
You die...

#..# ### ##.. #.. #..# ..#
... #..# #... .......
##..###### #.. .#......
##...##...# #.. ......##
#.......#.##### #.##.....
..####..5_...g########......#
### ####.#.5K5K@...##....# #
#...#####.<......# #####
#####...## ##...# #...## #
##...# ## ##..## ###.
#...###... #### ##...#...#


You could see Pikel, 2 lemures, a goblin and a kobold.

Vanquished Creatures
  2 lemures (D:4)
  A water moccasin skeleton (D:4)
  2 iguanas (D:4)
  2 orc wizards
  6 adders
  An adder skeleton (D:4)
  A worm (D:3)
  2 dart slugs (D:1)
  12 orcs
  5 ball pythons
  4 bats
  7 endoplasms
  5 giant cockroaches
  4 hobgoblins
  9 jackals
  2 quokkas
  3 frilled lizards
  9 goblins
  5 kobolds
  3 rats
85 creatures vanquished.

Vanquished Creatures (others)
  A plant (D:1)
1 creature vanquished.

Grand Total: 86 creatures vanquished

Notes
Turn   | Place    | Note
-------+----------+-------------------------------------------
     0 | D:1      | Descartes the Formicid Fighter began the quest for the Orb.
     0 | D:1      | Reached XP level 1. HP: 18/18 MP: 1/1
   106 | D:1      | Reached XP level 2. HP: 24/24 MP: 2/2
   569 | D:1      | Reached XP level 3. HP: 23/29 MP: 3/3
   778 | D:1      | Reached skill level 1 in Maces & Flails
  1163 | D:1      | Found a faded altar of an unknown god.
  1288 | D:2      | Reached skill level 1 in Polearms
  1298 | D:2      | Reached XP level 4. HP: 15/35 MP: 4/4
  1514 | D:2      | Found a shimmering altar of Xom.
  2202 | D:3      | Found Esua's Distillery.
  2337 | D:3      | Reached XP level 5. HP: 39/42 MP: 5/5
  3281 | D:4      | Identified the +9 flail of Certain Death {flame, Fragile
                  | rPois rF+}
  3295 | D:4      | Reached XP level 6. HP: 48/48 MP: 6/6
  3407 | D:4      | Reached skill level 1 in Evocations
  3782 | D:4      | Found a hide-covered altar of Uskayaw.
  3834 | D:4      | Noticed Pikel
  3878 | D:4      | HP: 1/48 [Pikel/+2 whip of flaming (9)]
  3878 | D:4      | Slain by Pikel

Illustrated notes

Levels and vault maps discovered:
D:1:      ebering_trefoil_twist, layout_basic, serial_forest,
          infiniplex_forest_clump_curved, infiniplex_forest_lined_3,
          infiniplex_forest_lined_corner, infiniplex_forest_corner_2,
          infiniplex_forest_lined_2, infiniplex_forest_lined_corner,
          shapermc_ecumenical_altar_mp_vishouse
D:2:      layout_basic, basic_altar
D:3:      layout_loops_corners, serial_shops, nicolae_shop_behind_doors,
          kennysheep_generic_room_12
D:4:      layout_cave_pods, lemuel_crystal_altar, serial_glass, glass_columns_a,
          glass_columns_a, glass_columns_b, glass_columns_a, glass_columns_b,
          glass_columns_a, nicolae_figureground_pulse, uniq_pikel

Skill      XL: |  1  2  3  4  5  6 |
---------------+-------------------+-----
Shields        | 4 |  4.7
Maces & Flails | 1 2 |  2.1
Polearms       | 1 2 |  2.1
Armour         | 4 |  4.2
Fighting       | 4 |  4.2
Evocations     | 1 |  1.3
Axes           | 3 |  3.0

Action                   |  1- 3 |  4- 6 || total
-------------------------+-------+-------++-------
Melee: War axe           |    81 |    76 ||   157
       Flail             |       |    60 ||    60
  Use: Potion            |       |     1 ||     1
Armor: Scale mail        |    35 |    64 ||    99
Dodge: Dodged            |    48 |    64 ||   112
Block: Buckler           |    24 |    45 ||    69
